 Dungeon Crawl Stone Soup version 0.26.0-7-g794d0892b4 (webtiles) character file.

Game seed: 1826797710026408958

31 streetpizza the Skirmisher (level 3, 34/34 HPs)
             Began as a Merfolk Wanderer on Jan 11, 2021.
             Quit the game on level 1 of the Dungeon on Jan 12, 2021.
             The game lasted 00:03:52 (919 turns).

streetpizza the Skirmisher (Merfolk Wanderer)        Turns: 919, Time: 00:03:53

Health: 34/34      AC:  5    Str: 12    XL:     3   Next: 22%
Magic:  3/3        EV: 10    Int: 13    God:
Gold:   53         SH:  0    Dex: 12    Spells: 2/2 levels left

rFire    . . .     SeeInvis .   a - +2 hand axe
rCold    . . .     Faith    .   (no shield)
rNeg     . . .     Spirit   .   b - +0 ring mail
rPois    .         Reflect  .   (no helmet)
rElec    .         Harm     .   (no cloak)
rCorr    .         Rampage  .   (no gloves)
Will     +....                  (no boots)
Stlth    +.........             (no amulet)
HPRegen  0.11/turn              f - ring of willpower
MPRegen  0.08/turn              (no ring)

@: no status effects
A: change form in water, swift swim, stealthy swim
a: no special abilities


You were on level 1 of the Dungeon.
You visited 1 branch of the dungeon, and saw 1 of its levels.

You collected 53 gold pieces.

Inventory:

Hand Weapons
 a - a +2 hand axe (weapon)
 d - a +0 dagger
Armour
 b - a +0 ring mail (worn)
Jewellery
 f - a ring of willpower (left hand)
 j - an uncursed ring of protection from cold {unknown}
Scrolls
 h - a scroll of identify {unknown}
Potions
 c - a potion of lignification
 e - a potion of heal wounds {unknown}
 g - a potion of curing {unknown}
 i - a potion of haste {unknown}
 k - a potion of cancellation {unknown}
 l - 2 potions of resistance {unknown}


   Skills:
 + Level 5.7 Fighting
 - Level 1.1 Long Blades
 - Level 1.5(1.7) Axes
 + Level 1.8(2.6) Polearms
 + Level 1.6 Dodging
 + Level 2.7 Stealth


You had 2 spell levels left.
You didn't know any spells.
Your spell library was empty.

Dungeon Overview and Level Annotations

Branches:
Dungeon (1/15)

Altars:


Message History

The jackal is severely wounded.
The jackal bites you. x2
You closely miss the jackal.
The jackal is severely wounded.
The jackal barely misses you.
The jackal bites you but does no damage.
You slash the jackal!
You kill the jackal!
The jackal bites you but does no damage.
You slash the jackal!
You kill the jackal!
A hobgoblin comes into view.
The hobgoblin shouts!
The hobgoblin barely misses you.
You slash the hobgoblin!
You kill the hobgoblin!
You see here a hobgoblin corpse.
A gnoll comes into view. It is wielding a +0 club.
The gnoll shouts!
Are you sure you want to abandon this character and quit the game? (Confirm with "yes".)

#####.########
##########.#...##
.............. .............#
#####'###########
#######...#.## #........# #..
..........#.# #........# #.#
#######.#.#.#
#........#####.##########.#.#.#
#.........................#.#.#
#####'#'######.############.#.#
#.#.#### #..@.....g. ..#.#
#.#..>.# #..#############.#
#.#..#.# #..########....#.#
#.#....# #.........#.##.#.#
#.#########.######.#..#.#.#
#............#.# #.#..#.#.#
###########..#.###.#....#.#
#..#.....#..###.# .########
#..#.#####..# #.#


You could see a gnoll.

Vanquished Creatures
  An ooze (D:1)
  A giant cockroach (D:1)
  2 goblins (D:1)
  2 hobgoblins (D:1)
  8 jackals (D:1)
  5 kobolds (D:1)
  2 bats (D:1)
  A frilled lizard (D:1)
  A rat (D:1)
23 creatures vanquished.

Notes
Turn   | Place    | Note
-------+----------+-------------------------------------------
     0 | D:1      | streetpizza the Merfolk Wanderer began the quest for the
                  | Orb.
     0 | D:1      | streetpizza set off with the following items: a +2 hand
                  | axe, a +0 ring mail, a potion of lignification, a +0 dagger
     0 | D:1      | Reached XP level 1. HP: 21/21 MP: 1/1
    87 | D:1      | Reached skill level 1 in Polearms
    87 | D:1      | Reached skill level 1 in Dodging
    87 | D:1      | Reached XP level 2. HP: 23/27 MP: 2/2
   468 | D:1      | Reached XP level 3. HP: 17/34 MP: 3/3
   919 | D:1      | Quit the game

Illustrated notes

Levels and vault maps discovered:
D:1:      minmay_arrival_stone_box, layout_basic

Skill      XL: |  1 |
---------------+----+-----
Polearms       | 1 |  1.8
Dodging        | 1 |  1.6
Fighting       | |  5.7
Long Blades    | |  1.1
Axes           | |  1.5
Stealth        | |  2.7

Action                   || total
-------------------------++-------
Melee: Hand axe          ||    76
 Stab: Sleeping          ||     1
Armor: Ring mail         ||    44
Dodge: Dodged            ||    53
